 Dungeon Sprint DCSS version 0.30-a0-719-gcc4359ea44 (webtiles) character file.

Game seed: 2037942331285119826

697 BigDaddyOpFi the Fighter (level 7, 0/62 HPs)
             Began as a Demonspawn Fighter on Jan 26, 2023.
             Was a Follower of Qazlal.
             Succumbed to an orc wizard's poison
             ... in the Dungeon (Sprint IX: "|||||||||||||||||||||||||||||").
             The game lasted 00:01:25 (344 turns).

BigDaddyOpFi the Fighter (Demonspawn Fighter)        Turns: 344, Time: 00:01:25

Health: 0/62       AC: 14    Str: 19    XL:     7   Next: 38%
Magic:  9/12       EV:  9    Int: 12    God:    Qazlal [*.....]
Gold:   0          SH:  7    Dex: 12    Spells: 6/6 levels left

rFire   . . .      SeeInvis .    m - +3 war axe (heavy)
rCold   . . .      Faith    .    c - +0 buckler
rNeg    . . .      Spirit   .    p - +1 chain mail
rPois   .          Reflect  .    (helmet restricted)
rElec   .          Harm     .    n - +0 cloak
rCorr   .          Rampage  .    (no gloves)
Will    .....      NoTele   +    (no boots) Stlth
                                 (no amulet)
HPRegen 0.30/turn                q - +2 ring of evasion
MPRegen 0.26/turn                r - +3 ring of intelligence

@: lethally poisoned (0 -> -16), on berserk cooldown, hasted and slowed
A: antennae 1, spiny 1, magic regeneration, sharp scales 1
a: Renounce Religion


You were in the Dungeon.
You worshipped Qazlal.
Qazlal was aware of your devotion.
You visited 1 branch

Inventory:

Hand Weapons
 a - a +0 war axe
 m - a +3 heavy war axe (weapon)
Armour
 c - a +0 buckler (worn)
 n - a +0 cloak (worn)
 o - a +0 helmet
 p - a +1 chain mail (worn)
Jewellery
 q - a +2 ring of evasion (left hand)
 r - a +3 ring of intelligence (right hand)
Wands
 l - a wand of iceblast (9) (quivered)
Scrolls
 j - 2 scrolls of blinking
 k - 2 scrolls of amnesia
Potions
 d - a potion of invisibility
 h - 4 potions of magic


   Skills:
 + Level 8.3 Fighting
 + Level 7.2 Axes
 + Level 7.5 Armour
 + Level 7.5 Shields
 + Level 6.9 Invocations


You had 6 spell levels left.
You didn't know any spells.
Your spell library was empty.

Dungeon Overview and Level Annotations

Branches:
Dungeon (1/1)

Altars:
Cheibriados
Dithmenos
Fedhas
Gozag
Hepliaklqana
Kikubaaqudgha
Makhleb
Nemelex Xobeh
Okawaru
Qazlal
Ru
Sif Muna
Trog
Uskayaw
Vehumet
Wu Jian
Xom
Yredelemnul
Jiyva
Lugonu


Innate Abilities, Weirdness & Mutations

You have a pair of small antennae on your head.
You are partially covered in sharp spines.
You regenerate magic rapidly.
You are partially covered in razor-sharp scales. (AC +1, Slay +1)


Message History

The troll is struck by your spines. The troll closely misses you.
The troll claws you.
* * * LOW HITPOINT WARNING * * *
The troll claws you.
* * * LOW HITPOINT WARNING * * *
You feel better. The troll bites you. You block the troll's attack.
The troll claws you but does no damage. The troll bites you!
* * * LOW HITPOINT WARNING * * *
The troll claws you but does no damage. The troll claws you.
* * * LOW HITPOINT WARNING * * *
You slash the troll!
You kill the troll!
Qazlal accepts your kill.
The troll leather armour is intact enough to wear.
You hear some strange, mumbled words.
A puff of flame appears from out of thin air!
Deactivating autopickup; reactivate with Ctrl-A.
The puff of flame hits you but does no damage.
Your Fighting skill increases to level 8!
Your Axes skill increases to level 7!
Your Invocations skill increases to level 6!
You have reached level 7!
Your demonic ancestry asserts itself...
Your magic begins to regenerate rapidly.
Okay, then.
You miss something.
You hear some strange, mumbled words.
Something tries to affect you, but you resist.
Something hits you but does no damage.
You are poisoned.
Something hits you but does no damage.
You are lethally poisoned!
You feel yourself speed up.
* * * LOW HITPOINT WARNING * * *
You feel very sick. Something hits you but does no damage.
You are more poisoned.
Okay, then.
Okay, then.
You die... ▓▓▓▓▓▓▓▓▓▓▓▓▓▓▓▓▓▓▓▓▓▓▓▓ +....{)@[.....)..'______ ▓▓▓▓▓▓▓▓▓▓▓▓▓▓▓▓▓▓▓▓▓▓▓▓

There were no monsters in sight!

Vanquished Creatures
  A troll (D)
  A yak (D)
  A phantom (D)
  A centaur (D)
  A necrophage (D)
  A hound (D)
  An orc priest (D)
  A dart slug (D)
  2 orcs (D)
  A hobgoblin (D)
  2 kobolds (D)
  A rat (D)
14 creatures vanquished.

Vanquished Creatures (others)
  An unseen horror (D)
1 creature vanquished.

Grand Total: 15 creatures vanquished

Notes
Turn   | Place    | Note
-------+----------+-------------------------------------------
     0 | D        | BigDaddyOpFi the Demonspawn Fighter began the quest for the
                  | Orb.
     0 | D        | Reached XP level 1. HP: 18/18 MP: 1/1
   147 | D        | Noticed a hound
   147 | D        | Noticed a necrophage
   147 | D        | Noticed a phantom
   162 | D        | Killed a phantom
   163 | D        | Reached skill level 5 in Fighting
   163 | D        | Gained mutation: You are partially covered in razor-sharp
                  | scales. (AC +1, Slay +1) [demonic ancestry]
   163 | D        | Reached XP level 2. HP: 21/27 MP: 2/2
   163 | D        | Reached XP level 3. HP: 26/33 MP: 3/3
   163 | D        | Gained mutation: You have a pair of small antennae on your
                  | head. [demonic ancestry]
   163 | D        | Reached XP level 4. HP: 30/39 MP: 4/4
   164 | D        | Killed a necrophage
   165 | D        | Reached skill level 5 in Armour
   165 | D        | Reached skill level 5 in Shields
   165 | D        | Reached XP level 5. HP: 37/46 MP: 5/5
   179 | D        | Reached skill level 6 in Fighting
   179 | D        | Reached skill level 5 in Axes
   186 | D        | Found a snail-covered altar of Cheibriados.
   186 | D        | Found a shadowy altar of Dithmenos.
   186 | D        | Found a blossoming altar of Fedhas.
   186 | D        | Found an opulent altar of Gozag.
   187 | D        | Found a hazy altar of Hepliaklqana.
   188 | D        | Found a viscous altar of Jiyva.
   189 | D        | Found an ancient bone altar of Kikubaaqudgha.
   190 | D        | Found a corrupted altar of Lugonu.
   191 | D        | Found a burning altar of Makhleb.
   192 | D        | Found a sparkling altar of Nemelex Xobeh.
   193 | D        | Found an iron altar of Okawaru.
   194 | D        | Found a stormy altar of Qazlal.
   195 | D        | Found a sacrificial altar of Ru.
   196 | D        | Found a shimmering blue altar of Sif Muna.
   197 | D        | Found a bloodstained altar of Trog.
   198 | D        | Found a hide-covered altar of Uskayaw.
   199 | D        | Found a radiant altar of Vehumet.
   200 | D        | Found an ornate altar of the Wu Jian Council.
   201 | D        | Found a shimmering altar of Xom.
   202 | D        | Became a worshipper of Qazlal Stormbringer
   203 | D        | Found a basalt altar of Yredelemnul.
   313 | D        | Noticed a troll
   313 | D        | Noticed a yak
   313 | D        | Noticed a centaur
   321 | D        | Killed an unseen horror
   326 | D        | Killed a centaur
   327 | D        | Reached skill level 7 in Fighting
   327 | D        | Gained mutation: You are partially covered in sharp spines.
                  | [demonic ancestry]
   327 | D        | Reached XP level 6. HP: 39/55 MP: 5/8
   332 | D        | Killed a yak
   332 | D        | Reached * piety under Qazlal
   333 | D        | Reached skill level 5 in Invocations
   333 | D        | HP: 1/56 [troll (6)]
   341 | D        | Killed a troll
   342 | D        | Reached skill level 8 in Fighting
   342 | D        | Gained mutation: You regenerate magic rapidly. [demonic
                  | ancestry]
   342 | D        | Reached XP level 7. HP: 9/62 MP: 8/12
   344 | D        | Succumbed to an orc wizard's poison

Illustrated notes

Levels and vault maps discovered:
D:        linesprint [early_d, line_temple, items_1, d_10, items_2, lair_1,
          lair_end, items_3, orc_1, orc_end, items_4, d_15, swamp_1, shoals_1,
          snake_1, spider_1, d_20, vaults_1, items_5, swamp_end, shoals_end,
          snake_end, spider_end, vaults_end, d_27, items_6, zot_1, zot_end,
          crypt_end, forest_end, elf_end, slime_end, tomb_end, abyss_end,
          pan_hell_end]

Skill      XL: |  1  2  3  4  5  6 |
---------------+-------------------+-----
Axes           | 4 6 7 |  7.2
Armour         | 4 5 6 7 |  7.5
Shields        | 4 5 6 7 |  7.5
Fighting       | 5 7 8 |  8.3
Invocations    | 3 6 |  6.9

Action                     |  1- 3 |  4- 6 |  7- 9 || total
---------------------------+-------+-------+-------++-------
  Melee: War axe           |    28 |    34 |     1 ||    63
  Evoke: Wand              |       |     1 |       ||     1
    Use: Potion            |     2 |     8 |     1 ||    11
 Armour: Scale mail        |    12 |    12 |       ||    24
         Chain mail        |       |    37 |     3 ||    40
  Dodge: Dodged            |     7 |    26 |       ||    33
  Block: Buckler           |     4 |    20 |       ||    24

Table legend: (Time is in decaauts)
 A = Elapsed time spent in this place.
 B = Non-inter-level travel time spent in this place.
 C = Inter-level travel time spent in this place.
 D = Time resting spent in this place.
 E = Time spent auto-exploring this place.
 F = Levels seen in this place.
 G = Mean time per level.
                   A        B        C        D        E       F      G
               +--------+--------+--------+--------+--------+-----+--------+
         Total |    377 |    377 |      0 |    182 |      0 |   1 |  377.0 |
       Dungeon |    377 |    377 |      0 |    182 |      0 |   1 |  377.0 |
               +--------+--------+--------+--------+--------+-----+--------+

Top non-repeatable levels by time:
       D: 377 daAuts
